 Dungeon Crawl Stone Soup version 0.29.1-14-g9c671dbff4 (webtiles) character file.

Game seed: 7330409814301308990

54 Cape the Trooper (level 3, -8/33 HPs)
             Began as a Minotaur Fighter on Feb 17, 2023.
             Mangled by an ogre
             ... wielding a +0 giant spiked club
              (12 damage)
             ... on level 4 of the Dungeon.
             The game lasted 00:02:44 (961 turns).

Cape the Trooper (Minotaur Fighter)                  Turns: 961, Time: 00:02:44

Health: -8/33      AC: 11    Str: 22    XL:     3   Next: 66%
Magic:  2/2        EV:  9    Int:  5    God:
Gold:   61         SH:  4    Dex:  9    Spells: 2/2 levels left

rFire   . . .      SeeInvis .   a - +0 war axe
rCold   . . .      Faith    .   c - +0 buckler
rNeg    . . .      Spirit   .   b - +0 scale mail
rPois   .          Reflect  .   (helmet restricted)
rElec   .          Harm     .   (no cloak)
rCorr   .          Rampage  .   (no gloves)
Will    .....                   (no boots)
Stlth   ..........              (no amulet)
HPRegen 0.11/turn               p - +4 ring of protection
MPRegen 0.08/turn               (no ring)

@: mighty
A: horns 2, retaliatory headbutt
a: no special abilities


You were on level 4 of the Dungeon.
You visited 1 branch of the dungeon, and saw 3 of its levels.

You collected 61 gold pieces.

Inventory:

Hand Weapons
 a - a +0 war axe (weapon)
Missiles
 j - 9 boomerangs (quivered)
Armour
 b - a +0 scale mail (worn)
 c - a +0 buckler (worn)
Jewellery
 p - a +4 ring of protection (left hand)
Scrolls
 f - a scroll of magic mapping {unknown}
 i - a scroll of blinking {unknown}
 l - a scroll of enchant armour {unknown}
Potions
 e - 2 potions of attraction {unknown}
 g - 3 potions of heal wounds {unknown}
 h - a potion of mutation {unknown}
 k - a potion of brilliance {unknown}
 m - a potion of resistance {unknown}
 n - 2 potions of haste {unknown}
 o - a potion of ambrosia {unknown}


   Skills:
 + Level 4.1 Fighting
 * Level 3.6 Axes
 + Level 4.1 Armour
 + Level 4.1 Shields


You had 2 spell levels left.
You didn't know any spells.
Your spell library was empty.

Dungeon Overview and Level Annotations

Branches:
Dungeon (2/15)             Temple (0/1) D:4

Altars:


Innate Abilities, Weirdness & Mutations

You have a pair of horns on your head.
You reflexively headbutt those who attack you in melee.


Message History

You see here a puce potion.
The gnoll hits you with a +0 whip.
You hit the gnoll.
The gnoll is lightly wounded.
The gnoll barely misses you. You furiously retaliate!
You headbutt the gnoll. You slash the gnoll!
You kill the gnoll!
You barely miss the quokka. Your headbutt misses the quokka.
The quokka barely misses you. The quokka closely misses you.
You hit the quokka but do no damage. The quokka closely misses you.
You hit the quokka but do no damage.
The quokka bites you but does no damage. x2
You hit the quokka but do no damage. You block the quokka's attack.
The quokka misses you. You furiously retaliate!
You headbutt the quokka, but do no damage.
You closely miss the quokka. You block the quokka's attack.
You closely miss the quokka. Your headbutt misses the quokka.
The quokka closely misses you. You block the quokka's attack.
You hit the quokka but do no damage. You block the quokka's attack.
You hit the quokka. Your headbutt misses the quokka.
The quokka is severely wounded.
The quokka bites you but does no damage.
The quokka barely misses you.
You slash the quokka!
You kill the quokka!
The kobold hits you with a +0 club.
You hit the kobold but do no damage. The kobold barely misses you.
You furiously retaliate!
You headbutt the kobold.
You kill the kobold!
You slash the ogre! Your headbutt misses the ogre.
The ogre is heavily wounded.
The ogre barely misses you.
You slash the ogre!
The ogre is almost dead.
The ogre hits you with a +0 giant spiked club!!
Ouch! That really hurt!
* * * LOW HITPOINT WARNING * * *
You feel very mighty all of a sudden.
The ogre hits you with a +0 giant spiked club!
You die...

## ..# #. #.# # .. # ..# .
.. #.# .#...# #..##..
..#####.## ### . ....O.
.... ...# #.. . #...# #..#
#..# #.# #..## #..# #..#
#.# ...##...###..# ..#
###.### #........O@.####.#
#######
####...!###......#####⌠.⌠##
#.#### ######)....'.>.'. #.
#######⌠.⌠## .. ###+### #..
###.### #.# #.# #.# ..#


You could see an ogre.

Vanquished Creatures
  A gnoll (D:4)
  2 adders (D:2)
  A ball python (D:4)
  3 bats
  2 endoplasms
  A giant cockroach (D:2)
  3 goblins
  2 hobgoblins (D:1)
  2 jackals (D:1)
  A quokka (D:4)
  3 frilled lizards (D:1)
  3 kobolds
  2 rats (D:1)
26 creatures vanquished.

Notes
Turn   | Place    | Note
-------+----------+-------------------------------------------
     0 | D:1      | Cape the Minotaur Fighter began the quest for the Orb.
     0 | D:1      | Reached XP level 1. HP: 19/19 MP: 0/0
   130 | D:1      | Found a faded altar of an unknown god.
   245 | D:1      | Reached XP level 2. HP: 22/27 MP: 1/1
   792 | D:2      | Reached XP level 3. HP: 33/33 MP: 2/2
   831 | D:2      | You fall into a shaft and drop 2 floors!
   915 | D:4      | Found a staircase to the Ecumenical Temple.
   940 | D:4      | Noticed an ogre
   961 | D:4      | Mangled by an ogre

Illustrated notes

Levels and vault maps discovered:
D:1:      psy_arrival_dodecagon, layout_basic,
          ebering_ecumenical_altar_sacrificial, minmay_misc_feat_ornament,
          minmay_lizard_pond
D:2:      layout_rooms, minmay_misc_feat_chi
D:4:      layout_loops_corners, temple_doors_e, cheibrodos_sewer_entry_bend,
          serial_park_tiny_pond, palyth_stone_intersect, kennysheep_minor_cross,
          minmay_bisected

Skill      XL: |  1  2 |
---------------+-------+-----
Axes           | 3 |  3.6
Shields        | 4 |  4.1
Fighting       | 4 |  4.1
Armour         | 4 |  4.1

Action                   || total
-------------------------++-------
Melee: War axe           ||    78
       Headbutt          ||     6
Throw: Boomerang         ||     3
  Use: Potion            ||     1
Armor: Scale mail        ||    52
Dodge: Dodged            ||    46
Block: Buckler           ||    16
